 Dungeon Crawl Stone Soup version 0.20.1-2-g1830e616b0 (webtiles) character file.

2599 Alfie the Archer (level 9, -3/78 HPs)
             Began as a Minotaur Hunter on Feb 10, 2020.
             Slain by a death yak (13 damage)
             ... on level 8 of the Dungeon.
             The game lasted 00:23:03 (5592 turns).

Alfie the Archer (Minotaur Hunter)                  Turns: 5592, Time: 00:23:03

Health: -3/78      AC: 10    Str: 20    XL:     9   Next: 33%
Magic:  8/8        EV: 14    Int:  8    God:
Gold:   266        SH:  0    Dex: 11    Spells: 8/8 levels left

rFire    . . .     SeeInvis .   g - +2 short sword (holy)
rCold    . . .     Gourm    .   (no shield)
rNeg     . . .     Faith    .   c - +2 leather armour
rPois    .         Spirit   .   (helmet restricted)
rElec    .         Reflect  .   (no cloak)
rCorr    .         Harm     .   e - +2 pair of gloves
MR       .....                  (no boots)
Stlth    ++........             (no amulet)
Regen    0.3/turn               s - +2 ring of protection
MPRegen  0.2/turn               (no ring)

@: drained
A: retaliatory headbutt, horns 2
a: no special abilities


You were on level 8 of the Dungeon.
You were not hungry.

You visited 1 branch of the dungeon, and saw 8 of its levels.

You collected 441 gold pieces.
You spent 175 gold pieces at shops.

Inventory:

Hand Weapons
 a - a +2 shortbow
 g - a +2 short sword of holy wrath (weapon)
 v - a +1 shortbow of flaming
Missiles
 d - 124 arrows
 h - 8 needles of paralysis (quivered)
 i - 4 steel tomahawks
Armour
 c - a +2 leather armour (worn)
 e - a +2 pair of gloves (worn)
Jewellery
 s - a +2 ring of protection (left hand)
Wands
 j - a wand of clouds (2/9)
 x - a wand of disintegration (15/24)
Scrolls
 k - a scroll of magic mapping
 n - 3 scrolls of identify
 u - 3 scrolls of remove curse
 A - a scroll of teleportation
Potions
 b - a potion of heal wounds
 o - 2 potions of agility
 p - a potion of haste
 w - 3 potions of curing
 z - a potion of cancellation {unknown}
Books
 l - a book of Flames

   Spells                             Type                      Level
   a - Flame Tongue                   Conjuration/Fire             1
   b - Throw Flame                    Conjuration/Fire             2
   c - Conjure Flame                  Conjuration/Fire             3
   d - Inner Flame                    Hexes/Fire                   3
   e - Sticky Flame                   Conjuration/Fire             4
   f - Fireball                       Conjuration/Fire             5
 y - a book of Power

   Spells                             Type                      Level
   a - Iskenderun's Battlesphere      Conjuration/Charms           5
   b - Venom Bolt                     Conjuration/Poison           5
   c - Bolt of Magma                  Conjuration/Fire/Earth       5
   d - Iron Shot                      Conjuration/Earth            6
   e - Orb of Destruction             Conjuration                  7
   f - Spellforged Servitor           Conjuration/Summoning        7
Comestibles
 f - 2 bread rations
 m - a meat ration
 t - 2 royal jellies


   Skills:
 + Level 6.6(6.3) Fighting
 + Level 5.7(5.4) Short Blades
 + Level 9.3(9.0) Bows
 + Level 4.5(4.2) Armour
 + Level 5.6(5.3) Dodging
 + Level 3.0(2.8) Stealth


You had 8 spell levels left.
You didn't know any spells.

Dungeon Overview and Level Annotations

Branches:
Dungeon (8/15)             Temple (0/1) D:4
   Lair: D:8-11

Altars:
Cheibriados
Dithmenos
Fedhas
Makhleb
Nemelex Xobeh
Okawaru
Ru
Zin

Shops:
D:4 ?


Innate Abilities, Weirdness & Mutations

You reflexively headbutt those who attack you in melee.
You have a pair of horns on your head.


Message History

The death yak gores you but does no damage.
You barely miss the death yak.
The death yak is heavily wounded.
The hell rat misses you. The bullfrog hits you.
The death yak completely misses you.
A quokka comes into view.
You hit the death yak but do no damage.
You headbutt the death yak, but do no damage.
The death yak is heavily wounded.
The hell rat bites you!
* * * LOW HITPOINT WARNING * * *
The bullfrog hits you!
* * * LOW HITPOINT WARNING * * *
A porcupine comes into view.
The hell rat misses you. The hell rat misses you. The bullfrog misses you.
The bullfrog hits you but does no damage.
The death yak completely misses you. The bullfrog barely misses you.
The death yak gores you!
You die...

... .... .....
..... r...[..###
#..##.?.r#########
..(#....rY@......>
...(..rrFY#######.
#......rY##
#.........#
#.....(...##
#.....(..((#
#......))#.###
######..))...# .#
#.(.....# #.##..#
#.#


You could see 3 death yaks, a bullfrog, a hell rat, a porcupine, a river rat and
2 quokkas.

Vanquished Creatures
  The ghost of Alfie the Shooter, a novice HuHu (D:5)
  2 centaur skeletons (D:7)
  Duvessa (D:6)
  2 phantoms
  An orc warrior (D:8)
  3 ogres
  4 centaurs
  2 bullfrogs
  Dowan (D:6)
  2 scorpions
  3 crimson imps
  2 howler monkeys (D:4)
  A bullfrog skeleton (D:8)
  An orc priest (D:8)
  4 hounds
  4 orc wizards
  An iron imp (D:7)
  3 worker ants
  An iguana (D:5)
  A hound skeleton (D:7)
  6 adders
  3 gnolls (D:3)
  A howler monkey skeleton (D:4)
  An ooze (D:2)
  An adder skeleton (D:4)
  2 worms
  A dart slug (D:2)
  3 leopard geckos
  17 orcs
  3 ball pythons
  7 bats
  9 giant cockroaches
  8 goblins
  7 hobgoblins
  8 kobolds
  A quokka (D:5)
  2 frilled lizards (D:1)
  2 jackal skeletons
  A quokka zombie (D:7)
  6 rats
129 creatures vanquished.

Notes
Turn   | Place    | Note
-------+----------+-------------------------------------------
     0 | D:1      | Alfie the Minotaur Hunter began the quest for the Orb.
     0 | D:1      | Reached XP level 1. HP: 18/18 MP: 0/0
   184 | D:1      | Reached XP level 2. HP: 25/25 MP: 1/1
   417 | D:1      | Reached skill level 5 in Bows
   827 | D:1      | Reached XP level 3. HP: 30/30 MP: 2/2
  1386 | D:2      | Reached skill level 1 in Armour
  1386 | D:2      | Reached XP level 4. HP: 37/37 MP: 3/3
  1701 | D:3      | Found an iron altar of Okawaru.
  2149 | D:3      | Found a glowing silver altar of Zin.
  2214 | D:4      | Reached skill level 1 in Short Blades
  2214 | D:4      | Reached skill level 1 in Stealth
  2214 | D:4      | Reached XP level 5. HP: 40/45 MP: 4/4
  2255 | D:4      | Found a staircase to the Ecumenical Temple.
  2446 | D:4      | Reached skill level 6 in Bows
  2467 | D:4      | Reached XP level 6. HP: 6/52 MP: 5/5
  2484 | D:4      | Found Farphewkoica's Magic Scroll Shop.
  2544 | D:4      | Bought a scroll of identify for 26 gold pieces
  2544 | D:4      | Bought a scroll of enchant armour for 97 gold pieces
  2544 | D:4      | Bought a scroll of identify for 26 gold pieces
  2544 | D:4      | Bought a scroll of identify for 26 gold pieces
  2743 | D:4      | Found a sacrificial altar of Ru.
  2799 | D:4      | Found a blossoming altar of Fedhas.
  2995 | D:5      | Entered Level 5 of the Dungeon
  3123 | D:5      | Reached XP level 7. HP: 59/59 MP: 6/6
  3165 | D:5      | Found a shadowy altar of Dithmenos.
  3268 | D:5      | Reached skill level 7 in Bows
  3614 | D:5      | Noticed Alfie's ghost (novice HuHu)
  3641 | D:5      | Killed Alfie's ghost
  3641 | D:5      | Reached skill level 5 in Fighting
  3641 | D:5      | Reached XP level 8. HP: 34/68 MP: 7/7
  4017 | D:6      | Noticed Duvessa
  4023 | D:6      | Noticed Dowan
  4046 | D:6      | Killed Duvessa
  4046 | D:6      | Reached skill level 8 in Bows
  4050 | D:6      | Killed Dowan
  4298 | D:6      | Reached skill level 5 in Dodging
  4527 | D:6      | Found a burning altar of Makhleb.
  4912 | D:7      | Reached XP level 9. HP: 69/75 MP: 8/8
  5036 | D:7      | Reached skill level 5 in Short Blades
  5096 | D:7      | Found a snail-covered altar of Cheibriados.
  5144 | D:7      | Reached skill level 9 in Bows
  5404 | D:7      | Found a sparkling altar of Nemelex Xobeh.
  5570 | D:8      | Noticed a death yak
  5580 | D:8      | Noticed a death yak
  5581 | D:8      | Noticed a death yak
  5592 | D:8      | Slain by a death yak

Skill      XL: |  1  2  3  4  5  6  7  8  9 |
---------------+----------------------------+-----
Bows           | 5 6 7 8 9 |  9.3
Armour         | 1 2 3 4 |  4.5
Fighting       | 3 4 5 6 |  6.6
Short Blades   | 1 2 3 4 5 |  5.7
Stealth        | 1 2 3 |  3.0
Dodging        | 3 4 5 |  5.6

Action                   |  1- 3 |  4- 6 |  7- 9 || total
-------------------------+-------+-------+-------++-------
Melee: Short sword       |    21 |    76 |   187 ||   284
       Headbutt          |     2 |    17 |    40 ||    59
 Fire: Shortbow          |    96 |    66 |    85 ||   247
  Use: Scroll            |     4 |     8 |     6 ||    18
       Potion            |       |     2 |     3 ||     5
 Stab: Sleeping          |       |     1 |     1 ||     2
       Invisible         |       |     3 |       ||     3
  Eat: Bread ration      |     1 |       |     2 ||     3
       Meat ration       |       |     1 |       ||     1
Armor: Leather armour    |    27 |    19 |    58 ||   104
Dodge: Dodged            |    54 |    82 |    89 ||   225
